 Dungeon Crawl Stone Soup version 0.28.0-53-g5a82cb258f (webtiles) character file.

Game seed: 7157943530547679769

51 Zeld the Magician (level 3, -6/19 HPs)
             Began as a Deep Elf Fire Elementalist on May 22, 2022.
             Mangled by a scorpion (8 damage)
             ... on level 3 of the Dungeon.
             The game lasted 00:01:10 (1557 turns).

Zeld the Magician (Deep Elf Fire Elementalist)      Turns: 1557, Time: 00:01:11

Health: -6/19      AC:  3    Str:  5    XL:     3   Next: 57%
Magic:  3/10       EV: 12    Int: 21    God:
Gold:   23         SH:  0    Dex: 15    Spells: 4/10 levels left

rFire   . . .      SeeInvis .   (no weapon)
rCold   . . .      Faith    .   (no shield)
rNeg    . . .      Spirit   .   a - +0 robe
rPois   .          Reflect  .   d - +0 helmet
rElec   .          Harm     .   (no cloak)
rCorr   .          Rampage  .   (no gloves)
Will    .....                   (no boots)
Stlth   ++........              (no amulet)
HPRegen 0.06/turn               (no ring)
MPRegen 0.12/turn               (no ring)

@: lethally poisoned (-6 -> -14)
A: no striking features
a: no special abilities


You were on level 3 of the Dungeon.
You visited 1 branch of the dungeon, and saw 3 of its levels.

You collected 23 gold pieces.

Inventory:

Armour
 a - a +0 robe (worn)
 d - a +0 helmet (worn)
Scrolls
 b - a scroll of blinking {unknown}
 e - 3 scrolls of identify {unknown}
 f - a scroll of torment {unknown}
 h - a scroll of immolation {unknown}
Potions
 c - 3 potions of brilliance {unknown}
 g - a potion of flight {unknown}
 i - a potion of curing {unknown}


   Skills:
 - Level 2.4 Dodging
 - Level 2.4 Stealth
 * Level 4.1 Spellcasting
 + Level 1.9 Conjurations
 + Level 0.4 Hexes
 * Level 4.1 Fire Magic


You had 4 spell levels left.
You knew the following spells:

 Your Spells              Type           Power      Damage    Failure   Level
a - Foxfire               Conj/Fire      68%        2x1d7     3%          1
b - Scorch                Fire           42%        2d7       3%          2
c - Inner Flame           Hex/Fire       13%        N/A       14%         3

Your spell library contained the following spells:

 Spells                   Type           Power      Damage    Failure   Level
 Conjure Flame            Conj/Fire      17%        6-21      11%         3
 Apportation              Tloc           8%         N/A       12%         1
 Flame Wave               Conj/Fire      17%        2d6       34%         4
 Alistair's Intoxication  Tmut/Pois      2%         N/A       97%         5


Dungeon Overview and Level Annotations

Branches:
Dungeon (3/15)

Altars:


Message History

No target in view!
No target in view!
Done exploring.
There is a stone staircase leading down here.
You climb downwards.
Found 28 gold pieces and a robe.
There is a stone staircase leading up here.
A giant cockroach comes into view.
A giant cockroach is nearby!
A scorpion comes into view.
Casting: Scorch (safe; 3% risk of failure)
Confirm with . or Enter, or press ? or * to list all spells.
You can't see any susceptible monsters within range! (Use Z to cast anyway.)
Casting: Scorch (safe; 3% risk of failure)
Confirm with . or Enter, or press ? or * to list all spells.
Flames lash the giant cockroach.
You kill the giant cockroach!
Casting: Scorch (safe; 3% risk of failure)
Confirm with . or Enter, or press ? or * to list all spells.
Flames lash the scorpion.
The scorpion is heavily wounded.
The scorpion's fire resistance burns away.
The scorpion stings you!
Unknown command.
Casting: Scorch (safe; 3% risk of failure)
Confirm with . or Enter, or press ? or * to list all spells.
Flames lash the scorpion.
The scorpion is heavily wounded.
The scorpion stings you.
* * * LOW HITPOINT WARNING * * *
You are lethally poisoned!
The scorpion poisons you!
Casting: Scorch (safe; 3% risk of failure)
Confirm with . or Enter, or press ? or * to list all spells.
Flames lash the scorpion.
The scorpion is heavily wounded.
* * * LOW HITPOINT WARNING * * *
You feel very sick. The scorpion stings you!
You die...

....##....
........... .
.......... ..
.......... ...
...$.....# ....
.........#+###.....
..........<........
........@..........
.......s#..........
........#..........
...................
......†.......[$...
...................
...................
#+#...#............
#...............


You could see a scorpion (combustible).

Vanquished Creatures
  2 adders (D:2)
  2 dart slugs (D:1)
  A bat (D:1)
  3 endoplasms
  2 giant cockroaches
  5 goblins
  2 hobgoblins
  2 quokkas
  4 ball pythons
  A frilled lizard (D:2)
  2 rats
26 creatures vanquished.

Vanquished Creatures (others)
  57 foxfires (D:1)
57 creatures vanquished.

Grand Total: 83 creatures vanquished

Notes
Turn   | Place    | Note
-------+----------+-------------------------------------------
     0 | D:1      | Zeld the Deep Elf Fire Elementalist began the quest for the
                  | Orb.
     0 | D:1      | Reached XP level 1. HP: 10/10 MP: 6/6
   316 | D:1      | Reached XP level 2. HP: 15/15 MP: 4/8
   418 | D:1      | Learned a level 2 spell: Scorch
  1027 | D:2      | Reached XP level 3. HP: 16/19 MP: 3/10
  1031 | D:2      | Learned a level 3 spell: Inner Flame
  1412 | D:2      | Found a faded altar of an unknown god.
  1548 | D:3      | Noticed a scorpion
  1557 | D:3      | Mangled by a scorpion

Illustrated notes

Levels and vault maps discovered:
D:1:      ncdulo_halloftheorcs, layout_rooms
D:2:      layout_rooms, shapermc_ecumenical_altar_venn
D:3:      layout_basic, mainiacjoe_overflow_alcove_4

Skill      XL: |  1  2  3 |
---------------+----------+-----
Spellcasting   | 4 |  4.1
Fire Magic     | 4 |  4.1
Dodging        | |  2.4
Stealth        | |  2.4
Conjurations   | |  1.9
Hexes          | |  0.4

Action                   || total
-------------------------++-------
Melee: Unarmed           ||     6
 Cast: Foxfire           ||    32
       Scorch            ||    25
 Stab: Sleeping          ||     1
Armor: Robe              ||     3
Dodge: Dodged            ||     6
